 Dungeon Crawl Stone Soup version 0.26.1-11-gd32895ea62 (webtiles) character file.

Game seed: 12562362388403322910

4044 Almogavar the Thaumaturge (level 10, -3/53 HPs)
             Began as a Deep Elf Conjurer on May 11, 2021.
             Was a Follower of Sif Muna.
             Slain by a two-headed ogre
             ... wielding a +0 giant club
              (13 damage)
             ... on level 9 of the Dungeon on May 12, 2021.
             The game lasted 00:48:52 (11694 turns).

Almogavar the Thaumaturge (Deep Elf Conjurer)      Turns: 11694, Time: 00:48:55

Health: -3/53      AC:  5    Str:  4    XL:     10   Next: 4%
Magic:  29/37      EV: 14    Int: 27    God:    Sif Muna [*.....]
Gold:   534        SH:  0    Dex: 13    Spells: 23/33 levels left

rFire    . . .     SeeInvis .   i - +0 quarterstaff
rCold    . . .     Faith    .   (shield currently unavailable)
rNeg     . . .     Spirit   .   r - +2 robe
rPois    .         Reflect  .   (no helmet)
rElec    .         Harm     .   C - +0 cloak
rCorr    .         Rampage  .   (no gloves)
Will     +....                  (no boots)
Stlth    +++.......             B - amulet of magic regeneration
HPRegen  0.17/turn              l - ring of magical power
MPRegen  0.50/turn              D - ring of wizardry

@: no status effects
A: no striking features
a: Renounce Religion, Channel Magic


You were on level 9 of the Dungeon.
You worshipped Sif Muna.
Sif Muna was aware of your devotion.
You visited 2 branches of the dungeon, and saw 10 of its levels.
You also visited: Sewer.

You collected 534 gold pieces.

Inventory:

Hand Weapons
 b - a +0 short sword
 i - a +0 quarterstaff (weapon)
 k - a +1 halberd of freezing
Armour
 a - a +1 buckler
 f - a +0 scale mail
 r - a +2 robe (worn)
 C - a +0 cloak (worn)
Jewellery
 g - an uncursed ring of protection from fire
 j - an uncursed ring of resist corrosion
 l - a ring of magical power (left hand)
 n - a +6 ring of dexterity
 B - an amulet of magic regeneration (around neck)
 D - a ring of wizardry (right hand)
Scrolls
 d - a scroll of magic mapping
 h - 4 scrolls of enchant weapon
 m - 2 scrolls of blinking
 o - a scroll of amnesia
 p - 3 scrolls of teleportation
 w - a scroll of enchant armour
 x - a scroll of fog
 y - a scroll of acquirement {unknown}
 E - a scroll of fear
Potions
 c - a potion of resistance
 e - 3 potions of haste
 q - a potion of invisibility
 s - a potion of lignification
 t - 3 potions of brilliance
 u - a potion of might
 v - 6 potions of curing
 z - 2 potions of degeneration {unknown}
 A - 2 potions of heal wounds {unknown}
 F - a potion of attraction {unknown}


   Skills:
 + Level 1.6 Fighting
 + Level 1.0 Staves
 + Level 2.1 Armour
 + Level 5.0 Dodging
 + Level 5.1 Stealth
 + Level 12.0 Spellcasting
 + Level 10.8 Conjurations


You had 23 spell levels left.
You knew the following spells:

 Your Spells              Type           Power        Failure   Level
a - Magic Dart            Conj           100%         1%          1
b - Searing Ray           Conj           100%         1%          2
c - Dazzling Flash        Conj/Hex       90%          1%          3
d - Fulminant Prism       Conj/Hex       22%          1%          4

Your spell library contained the following spells:

 Spells                   Type           Power        Failure   Level
 Summon Small Mammal      Summ           64%          1%          1
 Iskenderun's Mystic Bla  Conj/Tloc      45%          1%          4
 Call Imp                 Summ           16%          2%          2
 Call Canine Familiar     Summ           16%          4%          3
 Confusing Touch          Hex            16%          4%          3
 Gell's Gravitas          Tloc           8%           4%          3
 Summon Guardian Golem    Hex/Summ       16%          4%          3
 Petrify                  Tmut/Erth      16%          14%         4
 Summon Ice Beast         Ice/Summ       16%          14%         4
 Summon Lightning Spire   Summ/Air       16%          14%         4
 Metabolic Englaciation   Hex/Ice        8%           34%         5
 Yara's Violent Unravell  Hex/Tmut       8%           34%         5


Dungeon Overview and Level Annotations

Branches:
Dungeon (9/15)             Temple (1/1) D:6           Sewer (visited)
   Lair: D:8-11         Orc: D:9-12

Altars:
Ashenzari
Cheibriados
Dithmenos
Elyvilon
Fedhas
Gozag
Hepliaklqana
Kikubaaqudgha
Makhleb
Nemelex Xobeh
Qazlal
Ru
Sif Muna
Trog
Uskayaw
Vehumet
Wu Jian
Xom
Yredelemnul
Zin
The Shining One

Annotations:
D:8 1 runed translucent door, exclusions: obsidian statue and orange crystal statue, Xye's ghost, novice FoFi


Message History

The two-headed ogre is dazzled.
The two-headed ogre misses you.
The two-headed ogre hits you with a +0 giant spiked club!
* * * LOW HITPOINT WARNING * * *
Casting: Dazzling Flash (safe; 1% risk of failure)
Confirm with . or Enter, or press ? or * to list all spells.
Aiming: Searing Ray (safe; 1% risk of failure)
Press: ? - help, Shift-Dir - straight line, f/p - two-headed ogre
Aim: a two-headed ogre, wielding a +0 giant club and a +0 giant spiked club (severely wounded, blind, 8% to evade)
The searing ray hits the two-headed ogre.
The two-headed ogre is severely wounded. (Press . to maintain the ray.)
Casting: Searing Ray (safe; 1% risk of failure)
Confirm with . or Enter, or press ? or * to list all spells.
Aiming: Searing Ray (safe; 1% risk of failure)
Press: ? - help, Shift-Dir - straight line, f/p - two-headed ogre
Aim: a two-headed ogre, wielding a +0 giant club and a +0 giant spiked club (severely wounded, blind, 8% to evade)
The searing ray misses the two-headed ogre. (Press . to maintain the ray.)
The two-headed ogre hits you with a +0 giant club!
You die...

## ##... #### ...## .... .#
..... #..###### .# .....
#..#....#...# .....
#..#....#...# .##+## #
#..#....#...# ##.... #.
#..#....#...# ......
#.#######@.#...<'...#
.......#........O.####'#...#
.......#...................#
.......'...................#
.......#.....##'########...#
.....###.....#.... #...#
.....#.......#...... #...#
.....#.......#....... #...#
....##.......#....... #...#


You could see a two-headed ogre (blind).

Vanquished Creatures
  Sigmund (D:3)
  A water moccasin (D:7)
  An orc warrior (D:9)
  3 ice beasts
  A sky beast (D:8)
  The ghost of Sackgasse the Chopper, an amateur MiBe of Trog (D:3)
  2 phantoms (D:8)
  3 centaurs
  4 ogres
  Blork the orc (D:5)
  4 bullfrogs
  4 scorpions
  6 killer bees (D:8)
  3 wights (D:7)
  A crimson imp (D:4)
  A bullfrog zombie (D:3)
  A centaur zombie (D:6)
  5 hounds
  5 orc priests
  A centaur skeleton (D:6)
  A bullfrog skeleton (D:6)
  Terence (D:3)
  Jessica (D:3)
  4 iguanas
  14 orc wizards
  5 worker ants
  A hound skeleton (D:4)
  7 gnolls
  A worker ant zombie (D:3)
  8 adders
  2 shadow imps
  A white imp (D:9)
  An ufetubus (D:9)
  15 oozes
  2 adder skeletons
  5 worms
  10 leopard geckos
  24 orcs
  11 bats
  28 giant cockroaches
  11 hobgoblins
  4 quokkas
  11 ball pythons
  18 frilled lizards
  6 goblins
  A goblin skeleton (D:4)
  2 goblin zombies (D:4)
  3 hobgoblin zombies (D:4)
  7 kobolds
  A kobold skeleton (D:4)
  A leopard gecko skeleton (D:3)
  2 orc skeletons (D:4)
  2 quokka skeletons (D:7)
  13 rats
273 creatures vanquished.

Notes
Turn   | Place    | Note
-------+----------+-------------------------------------------
     0 | D:1      | Almogavar the Deep Elf Conjurer began the quest for the
                  | Orb.
     0 | D:1      | Reached XP level 1. HP: 10/10 MP: 6/6
   234 | D:1      | Reached XP level 2. HP: 15/15 MP: 6/8
   237 | D:1      | Learned a level 2 spell: Searing Ray
   438 | D:1      | Reached skill level 5 in Conjurations
  1026 | D:2      | Reached XP level 3. HP: 19/19 MP: 7/9
  1060 | D:2      | Found a basalt altar of Yredelemnul.
  1344 | D:2      | Found a white marble altar of Elyvilon.
  1782 | D:2      | Reached XP level 4. HP: 24/24 MP: 7/11
  2412 | D:3      | Found a transporter.
  2412 | D:3      | Noticed Sackgasse's ghost (amateur MiBe)
  2502 | D:3      | Noticed Sigmund
  2502 | D:3      | Noticed Jessica
  2611 | D:3      | Reached skill level 4 in Spellcasting
  2666 | D:3      | Found a glowing drain.
  2669 | D:3      | Reached XP level 5. HP: 23/28 MP: 2/13
  2674 | Sewer    | Entered a sewer
  3803 | Sewer    | Reached skill level 5 in Spellcasting
  3938 | Sewer    | Reached XP level 6. HP: 31/32 MP: 9/16
  4294 | D:3      | Killed Jessica
  4295 | D:3      | Reached skill level 6 in Spellcasting
  4361 | D:3      | HP: 1/32 [Sigmund/magic dart (7)]
  4364 | D:3      | Killed Sigmund
  4365 | D:3      | Reached XP level 7. HP: 7/36 MP: 15/18
  4645 | D:3      | Found a transporter.
  4662 | D:3      | Noticed Terence
  4666 | D:3      | Killed Terence
  5014 | D:3      | Killed Sackgasse's ghost
  5015 | D:3      | Reached skill level 7 in Spellcasting
  5207 | D:4      | Reached skill level 1 in Armour
  5343 | D:4      | Found a glowing golden altar of the Shining One.
  5615 | D:4      | Reached XP level 8. HP: 42/42 MP: 11/21
  5706 | D:4      | Reached skill level 8 in Spellcasting
  6121 | D:5      | Entered Level 5 of the Dungeon
  6125 | D:5      | Noticed Blork the orc
  6200 | D:5      | Killed Blork the orc
  6259 | D:5      | Learned a level 3 spell: Dazzling Flash
  6884 | D:5      | Reached skill level 9 in Spellcasting
  7673 | D:5      | Reached skill level 1 in Staves
  7895 | D:6      | Reached skill level 1 in Fighting
  7952 | D:6      | Found an ornate altar of the Wu Jian Council.
  8062 | D:6      | Found a staircase to the Ecumenical Temple.
  8074 | Temple   | Entered the Ecumenical Temple
  8432 | D:6      | Found an opulent altar of Gozag.
  8715 | D:6      | Found a radiant altar of Vehumet.
  8718 | D:6      | Reached skill level 10 in Spellcasting
  8722 | D:6      | Identified Vehumet's Collected Works on Attacks
  8748 | D:6      | Found an ancient bone altar of Kikubaaqudgha.
  8751 | D:6      | Reached XP level 9. HP: 47/47 MP: 25/25
  8771 | D:6      | Found a shimmering blue altar of Sif Muna.
  8776 | D:6      | Became a worshipper of Sif Muna the Loreminder
  9466 | D:7      | Reached skill level 10 in Conjurations
  9596 | D:7      | Reached * piety under Sif Muna
 10079 | D:8      | Reached skill level 11 in Spellcasting
 10278 | D:8      | Reached skill level 5 in Stealth
 10358 | D:8      | Noticed an orange crystal statue
 10413 | D:8      | Noticed an obsidian statue
 10681 | D:8      | Found a runed translucent door.
 10681 | D:8      | Found a shimmering altar of Xom.
 10681 | D:8      | Noticed Xye's ghost (novice FoFi)
 10682 | D:8      | Noticed a +1 trident of chaos
 11115 | D:8      | Noticed a moth of wrath
 11119 | D:8      | Found a bloodstained altar of Trog.
 11271 | D:8      | Learned a level 4 spell: Fulminant Prism
 11341 | D:9      | Reached skill level 5 in Dodging
 11341 | D:9      | Reached skill level 12 in Spellcasting
 11341 | D:9      | Reached XP level 10. HP: 44/52 MP: 26/28
 11417 | D:9      | Noticed a two-headed ogre
 11425 | D:9      | Noticed a two-headed ogre
 11694 | D:9      | Slain by a two-headed ogre

Illustrated notes

Levels and vault maps discovered:
D:1:      co_arrival_random_square_maze, layout_basic
D:2:      layout_basic, lemuel_crystal_altar, lemuel_round_altar,
          grunt_ministairs_15
D:3:      minmay_evil_eye, layout_rooms, gup_sewer_entry_pipe,
          gammafunk_ghost_mausoleum, uniq_sigmund, uniq_terence, uniq_jessica
D:4:      layout_basic, nicolae_tso_besieged_by_evil
D:5:      layout_basic, uniq_blork_the_orc
D:6:      layout_loops_cross, palyth_temple_overflow_mages,
          nicolae_gozag_cash_rules_everything_around_me, general_overflow_altar,
          minmay_temple_entry_antechambers, kennysheep_generic_room_6
D:7:      layout_rooms, hangedman_abyss_or_decor_lesser_grid, st_stairs_6,
          hangedman_abyss_or_decor_slice
D:8:      minmay_separated_statues, layout_rooms, tgw_trog, ebering_ghost_xom,
          solitary_fountain
D:9:      layout_irregular_city, nicolae_overflow_crystal_walls,
          dpeg_oklobed_lair, uniq_grum
Temple:   nicolae_temple_hex_pool

Skill      XL: |  1  2  3  4  5  6  7  8  9 |
---------------+----------------------------+-----
Conjurations   | 5 6 7 8 9 10 | 10.8
Spellcasting   | 4 5 6 7 10 12 | 12.0
Stealth        | 3 4 5 |  5.1
Dodging        | 3 5 |  5.0
Armour         | 1 2 |  2.1
Staves         | 1 |  1.0
Fighting       | 1 |  1.6

Action                   |  1- 3 |  4- 6 |  7- 9 | 10-12 || total
-------------------------+-------+-------+-------+-------++-------
Melee: Quarterstaff      |       |     2 |     7 |     1 ||    10
 Cast: Magic Dart        |    55 |   123 |   188 |     5 ||   371
       Searing Ray       |     4 |    30 |    92 |     7 ||   133
       Dazzling Flash    |       |       |     1 |     1 ||     2
  Use: Scroll            |       |     4 |    14 |     1 ||    19
       Potion            |       |     2 |       |       ||     2
Armor: Robe              |     3 |     1 |    17 |     1 ||    22
       Skin              |       |     3 |       |       ||     3
       Leather armour    |       |     1 |     8 |       ||     9
Dodge: Dodged            |       |    13 |    78 |     4 ||    95
